[Event "Titled Tuesday Blitz August 22 Early 2023"]
[White "Arabidze, Meri"]
[Black "Vakhlamov, Igor L."]
[WhiteFideId "13604040"]
[BlackFideId "24126748"]
[WhiteElo "2583"]
[BlackElo "2797"]
[Result "1-0"]
[Round "6"]
[TimeControl "180+1"]
[Date "2023.08.22"]
[WhiteClock "0:00:07"]
[BlackClock "0:00:02"]
[Board "49"]

1. Nf3 d5 2. d4 Nf6 3. c4 e6 4. Nc3 c5 5. cxd5 cxd4 6. Qxd4 Nxd5 7. Nxd5 exd5 8. Bg5 f6 9. Bd2 Nc6 10. Qh4 Bc5 11. e3 O-O 12. Bd3 f5 13. Qxd8 Rxd8 14. Rc1 Bb6 15. Bc3 d4 16. Bc4+ Kh8 17. exd4 Nxd4 18. Ne5 Re8 19. f4 Be6 20. Bxe6 Nxe6 21. g3 Rad8 22. Nf7+ Kg8 23. Nxd8 Nxf4+ 24. Kf1 Nd3 25. Rc2 Bxd8 26. Re2 Rf8 27. Rd2 Nc5 28. Bb4 Ne4 29. Rd7 Re8 30. Kg2 a5 31. Ba3 b5 32. Rhd1 Bf6 33. Bd6 Nxd6 34. R1xd6 Re2+ 35. Kh3 Rxb2 36. Ra6 h5 37. Rxa5 Bc3 38. Ra8+ Kh7 39. Rf8 Kg6 40. Rd6+ Bf6 41. Ra6 Kh7 42. Rf7 Kg8 43. Rfxf6 gxf6 44. Rxf6 Rxa2 45. Rxf5 b4 46. Rxh5 Ra4 47. Rb5 Kf7 48. g4 Kg6 49. Kh4 Ra2 50. h3 Rb2 51. Rb6+ Kf7 52. Kg5 b3 53. h4 Rb1 54. h5 b2 55. Rb7+ Ke6 56. h6 Ke5 57. h7 Rh1 58. Rxb2 Rxh7 59. Re2+ Kd6 60. Kg6 Rh8 61. g5 Rg8+ 62. Kf6 Re8 63. Rxe8 1-0


[Site "https://www.chess.com"]

[Event "Titled Tuesday Blitz August 22 Early 2023"]
[White "Badelka, Olga"]
[Black "Materia, Marco"]
[WhiteFideId "13509926"]
[BlackFideId "45150451"]
[WhiteElo "2555"]
[BlackElo "2787"]
[Result "0-1"]
[Round "6"]
[TimeControl "180+1"]
[Date "2023.08.22"]
[WhiteClock "0:00:00"]
[BlackClock "0:00:38"]
[Board "50"]

1. c4 e6 2. Nf3 d5 3. e3 Nf6 4. Nc3 a6 5. b3 Bd6 6. Bb2 O-O 7. Be2 b6 8. Qc2 Bb7 9. Rg1 dxc4 10. bxc4 Nc6 11. d4 Nb4 12. Qb1 c5 13. a3 cxd4 14. exd4 Nc6 15. g4 e5 16. d5 Nd4 17. Ne4 Nxe2 18. Kxe2 Nxe4 19. Qxe4 b5 20. Rg3 Rc8 21. Rh3 f5 22. gxf5 Rxc4 23. Qb1 Bxd5 24. Nd2 Rf4 25. f6 g6 26. Qd3 Bb7 27. Qb3+ Kh8 28. f3 Qxf6 29. Rf1 Qf5 30. Rg3 Qf7 31. Qe3 Re8 32. Kd1 Kg8 33. Rg4 Rf5 34. h4 Qa2 35. Bc3 Rd8 36. Ke2 Qxa3 37. Rg5 Rxg5 38. hxg5 b4 39. Ba1 Qxe3+ 40. Kxe3 a5 41. Ne4 Bxe4 42. Kxe4 a4 43. Rd1 Be7 44. Rc1 Bxg5 45. Rc7 Bf6 46. Ra7 a3 47. Rb7 Rd1 0-1


[Site "https://www.chess.com"]

[Event "Titled Tuesday Blitz August 22 Early 2023"]
[White "Portela Peleteiro, Alberto"]
[Black "Lei, Tingjie"]
[WhiteFideId "22276106"]
[BlackFideId "8605114"]
[WhiteElo "2552"]
[BlackElo "2773"]
[Result "1/2-1/2"]
[Round "6"]
[TimeControl "180+1"]
[Date "2023.08.22"]
[WhiteClock "0:00:18"]
[BlackClock "0:00:02"]
[Board "51"]

1. e4 e5 2. Bc4 Nf6 3. d3 Nc6 4. Nc3 Na5 5. Nge2 Nxc4 6. dxc4 Bc5 7. f3 d6 8. Bg5 h6 9. Bxf6 Qxf6 10. Nd5 Qh4+ 11. Ng3 Qd8 12. Qd3 c6 13. Ne3 Be6 14. b3 g6 15. O-O-O a5 16. h4 h5 17. Ne2 Qb6 18. Nf1 a4 19. Kb1 axb3 20. cxb3 Qa5 21. Nc1 Bd4 22. Rd2 b5 23. cxb5 cxb5 24. Ne3 Rc8 25. Nc2 Rc3 26. Qe2 Bc5 27. Rhd1 Ke7 28. Rd3 Rb8 29. Rxc3 Qxc3 30. Qd2 Qxd2 31. Rxd2 f5 32. Nd3 Bb6 33. Ncb4 Rc8 34. Nb2 Bd4 35. Nd1 fxe4 36. fxe4 Bg4 37. Nd5+ Ke6 38. Rc2 Rxc2 39. Kxc2 Be2 40. N1c3 Bf1 41. Nc7+ Kd7 42. N7xb5 Bxg2 43. Nxd4 exd4 44. Nb5 Bxe4+ 45. Kd2 g5 46. hxg5 h4 47. Nxd4 h3 48. Ne2 h2 49. Ng3 h1=Q 50. Nxh1 Bxh1 51. a4 Bc6 52. a5 Ke6 53. Kc3 Bb5 54. Kd4 Ba6 55. b4 Bb5 56. g6 Kf6 57. Kd5 Kxg6 58. Kxd6 Kf6 59. Kc5 Be2 60. b5 Ke7 61. Kc6 Kd8 62. Kb7 Bxb5 63. a6 Bxa6+ 1/2-1/2


[Site "https://www.chess.com"]

[Event "Titled Tuesday Blitz August 22 Early 2023"]
[White "Starozhilov, Leonid"]
[Black "Gontcharov, Vladislav"]
[WhiteFideId "14106752"]
[BlackFideId "4123492"]
[WhiteElo "2766"]
[BlackElo "2552"]
[Result "0-1"]
[Round "6"]
[TimeControl "180+1"]
[Date "2023.08.22"]
[WhiteClock "0:00:00"]
[BlackClock "0:00:09"]
[Board "52"]

1. e4 e6 2. d4 d5 3. e5 c5 4. c3 Nc6 5. Nf3 cxd4 6. cxd4 Nge7 7. Bd3 Nf5 8. Bxf5 exf5 9. Nc3 Be6 10. h4 h6 11. a3 Be7 12. Be3 Qd7 13. b4 Rc8 14. Rc1 b6 15. Qd2 Kf8 16. g3 Kg8 17. Kf1 Kh7 18. Kg2 a6 19. Qe2 Qb7 20. Na4 Na7 21. Nb2 Rxc1 22. Rxc1 Rc8 23. Nd3 Rxc1 24. Bxc1 Qc8 25. Bd2 Nb5 26. a4 Na3 27. a5 bxa5 28. bxa5 Qc4 29. Nf4 Qxe2 30. Nxe2 Nc4 31. Nc3 Bd8 32. Be1 Bxa5 33. Na4 Bd8 34. Nd2 Nxd2 35. Bxd2 Bd7 36. Nc5 Bb5 37. e6 fxe6 38. Nxe6 Bb6 39. Bc3 a5 40. h5 a4 41. Bb4 Kg8 42. Kf3 Kf7 43. Nc5 Bc7 44. Ke3 Kf6 45. f4 Be8 46. Kd3 Bxh5 47. Nxa4 Bf3 48. Ke3 Bd1 49. Nc3 Bb3 50. Nb5 Bd8 51. Bd6 h5 52. Be5+ Kg6 53. Nd6 Ba4 54. Kf3 h4 55. gxh4 Bxh4 56. Nb7 Kh5 57. Nc5 Bd1+ 58. Ke3 g6 59. Ne6 Kg4 60. Bd6 Bg3 61. Ng5 Bh2 62. Be5 Bg1+ 63. Kd2 Bb3 64. Ne6 Bc4 65. Nf8 Kh5 66. Ne6 Bh2 67. Ke3 Kg4 68. Ng5 Bg1+ 69. Kd2 Bb5 70. Ne6 Bc4 71. Nf8 g5 72. fxg5 Kxg5 73. Ne6+ Kg4 74. Nf4 Bh2 75. Ng6 f4 76. Ke1 Bg3+ 77. Kd2 f3 78. Bxg3 Kxg3 79. Ne7 f2 80. Nf5+ Kf3 81. Ne3 f1=Q 82. Nc2 Qe2+ 83. Kc1 Qxc2+ 84. Kxc2 Ke3 85. Kc3 Ke4 0-1


[Site "https://www.chess.com"]

[Event "Titled Tuesday Blitz August 22 Early 2023"]
[White "Shvedova, Alexandra"]
[Black "Leiva, Gianmarco"]
[WhiteFideId "54154782"]
[BlackFideId "3804399"]
[WhiteElo "2547"]
[BlackElo "2739"]
[Result "0-1"]
[Round "6"]
[TimeControl "180+1"]
[Date "2023.08.22"]
[WhiteClock "0:00:56"]
[BlackClock "0:00:06"]
[Board "53"]

1. d4 Nf6 2. c4 e6 3. Nc3 Bb4 4. e3 O-O 5. Bd3 d5 6. Ne2 c5 7. O-O cxd4 8. exd4 dxc4 9. Bxc4 Nbd7 10. Bg5 Be7 11. Qd2 a6 12. Rfd1 b5 13. Bb3 Bb7 14. f3 h6 15. Bf4 Rc8 16. Rac1 Nb6 17. Ng3 Nfd5 18. Nxd5 Nxd5 19. Rxc8 Bxc8 20. Ne4 Nxf4 21. Qxf4 Bb7 22. Nc5 Bxc5 23. dxc5 Qc8 24. Qd6 Qc6 25. Bc2 b4 26. Be4 Qxd6 27. cxd6 Bxe4 28. fxe4 Rd8 29. Kf2 f6 30. Ke3 e5 31. d7 Kf7 32. Rd6 a5 33. Ra6 Rxd7 34. Rxa5 Rd1 35. Rb5 Re1+ 36. Kf3 Ra1 37. Rxb4 Rxa2 38. Rb7+ Kg6 39. g3 h5 40. h4 Kh6 41. b4 Ra3+ 42. Kg2 Re3 43. b5 Rxe4 44. b6 Rb4 45. Rb8 Kg6 46. b7 Kf5 47. Kf3 Rb3+ 48. Kf2 Kg4 49. Kg2 Rb2+ 50. Kf1 Kxg3 51. Ke1 Kxh4 52. Kd1 Kg3 53. Kc1 Rb6 54. Kd2 h4 55. Kd3 h3 56. Kc4 h2 57. Kc5 Rb1 0-1


[Site "https://www.chess.com"]

[Event "Titled Tuesday Blitz August 22 Early 2023"]
[White "Koellner, Ruben Gideon"]
[Black "Jaskolka, Tomasz"]
[WhiteFideId "12993093"]
[BlackFideId "1170791"]
[WhiteElo "2720"]
[BlackElo "2537"]
[Result "0-1"]
[Round "6"]
[TimeControl "180+1"]
[Date "2023.08.22"]
[WhiteClock "0:00:04"]
[BlackClock "0:00:06"]
[Board "54"]

1. d4 d5 2. Nf3 Nf6 3. Nbd2 c6 4. e3 Bg4 5. h3 Bh5 6. g4 Bg6 7. Ne5 e6 8. h4 h5 9. Nxg6 fxg6 10. g5 Nfd7 11. Bd3 Qe7 12. Bxg6+ Kd8 13. Bxh5 e5 14. c3 c5 15. Be2 Nc6 16. Nf3 cxd4 17. cxd4 e4 18. Nd2 g6 19. Nb1 Qf7 20. Nc3 Be7 21. Qb3 Nb6 22. Nxe4 Qf5 23. Ng3 Qe6 24. Bd2 Kc7 25. O-O-O Rac8 26. Kb1 Kb8 27. Rc1 Bd6 28. Bd3 Qf7 29. f4 Ne7 30. Ne4 Bc7 31. Nc5 Nf5 32. a4 Nd6 33. a5 Nbc4 34. Na6+ Ka8 35. Nxc7+ Rxc7 36. Bb4 Qd7 37. Bxg6 Rhc8 38. Bc2 Qb5 39. Qa4 Qa6 40. h5 b5 41. axb6 Qxb6 42. Bb3 Rb8 43. Bxd6 Qxd6 44. Bxc4 dxc4 45. Rxc4 Rcb7 46. Rh2 Qd5 47. Rhc2 Qh1+ 48. Ka2 Qd5 49. h6 Rb5 50. b4 Rxb4 51. Qa6 R4b6 52. Qa4 Rb4 53. Qa6 R4b6 54. Qa3 Qe6 55. d5 Qxd5 56. e4 Qe6 57. f5 Qe5 58. g6 Qf6 59. h7 Ra6 60. Qxa6 Qxa6+ 61. Ra4 Qxa4# 0-1


[Site "https://www.chess.com"]

[Event "Titled Tuesday Blitz August 22 Early 2023"]
[White "szachmistrz2500"]
[Black "Matinian, Nikita"]
[BlackFideId "24129100"]
[WhiteElo "2502"]
[BlackElo "2717"]
[Result "1-0"]
[Round "6"]
[TimeControl "180+1"]
[Date "2023.08.22"]
[WhiteClock "0:00:17"]
[BlackClock "0:00:00"]
[Board "55"]

1. Nf3 g6 2. g3 Bg7 3. Bg2 e5 4. d3 d5 5. O-O Ne7 6. Nbd2 O-O 7. e4 h6 8. Re1 Nbc6 9. c3 f5 10. exd5 Nxd5 11. Nh4 Kh7 12. Nc4 Nb6 13. h3 Nxc4 14. dxc4 Qxd1 15. Rxd1 e4 16. Bf1 Be6 17. Ng2 Ne5 18. h4 Rad8 19. Bf4 Nf3+ 20. Kh1 c6 21. Be2 g5 22. Bd6 Rf7 23. Bc5 Rfd7 24. hxg5 hxg5 25. Bxa7 Kg6 26. Bxf3 exf3 27. Ne3 f4 28. Rxd7 Bxd7 29. gxf4 Rh8+ 30. Kg1 gxf4 31. Nc2 Bf5 32. Ne1 Be4 33. Bd4 Kf5 34. Bxg7 Rg8 35. b4 Rxg7+ 36. Kf1 Kg4 37. Rd1 b5 38. Rd4 Bf5 39. cxb5 cxb5 40. Rd5 Be6 41. Rd4 Bxa2 42. Nd3 Kg5 43. Nxf4 1-0


[Site "https://www.chess.com"]

[Event "Titled Tuesday Blitz August 22 Early 2023"]
[White "Marn, Jan"]
[Black "Shoker, Samy"]
[WhiteFideId "14619245"]
[BlackFideId "627143"]
[WhiteElo "2496"]
[BlackElo "2712"]
[Result "0-1"]
[Round "6"]
[TimeControl "180+1"]
[Date "2023.08.22"]
[WhiteClock "0:01:11"]
[BlackClock "0:01:00"]
[Board "56"]

1. f4 Nf6 2. Nf3 g6 3. e3 Bg7 4. Be2 O-O 5. O-O d6 6. d3 c5 7. e4 Nc6 8. a4 Rb8 9. Nc3 a6 10. Qe1 e6 11. Qh4 Nd7 12. Qg3 f5 13. Ng5 Nd4 14. Bd1 h6 15. Nf3 Kh7 16. Nxd4 cxd4 17. Ne2 Nc5 18. b4 Nxe4 19. dxe4 d3 20. e5 dxe2 21. Bxe2 dxe5 22. Rb1 Qd4+ 23. Be3 exf4 24. Rxf4 Qc3 25. Rc4 Qe5 26. Rc7 f4 0-1


[Site "https://www.chess.com"]

[Event "Titled Tuesday Blitz August 22 Early 2023"]
[White "Skliarov, Viktor"]
[Black "Miguelitro69"]
[WhiteFideId "14106736"]
[WhiteElo "2699"]
[BlackElo "2279"]
[Result "1-0"]
[Round "6"]
[TimeControl "180+1"]
[Date "2023.08.22"]
[WhiteClock "0:00:09"]
[BlackClock "0:00:00"]
[Board "57"]

1. e4 c5 2. Nf3 Nc6 3. Bb5 e6 4. Bxc6 bxc6 5. d3 Ne7 6. Qe2 Ng6 7. h4 h5 8. e5 Be7 9. Qe4 Qc7 10. Nbd2 Ba6 11. Nc4 Bxc4 12. dxc4 d5 13. exd6 Qxd6 14. Bg5 Bxg5 15. hxg5 Rd8 16. O-O O-O 17. g3 Qb8 18. b3 Qb4 19. Kg2 Qc3 20. Rh1 h4 21. Nxh4 Qe5 22. Qg4 Rd4 23. Nxg6 fxg6 24. f4 Rd2+ 25. Kh3 Qf5 26. Qxf5 exf5 27. Rh2 Rfd8 28. Rah1 Kf7 29. Rxd2 Rxd2 30. Rh2 Rd1 31. Re2 Ra1 32. a4 Rd1 33. Kg2 Rd5 34. Kf3 Rd4 35. Ke3 Re4+ 36. Kd3 Rxe2 37. Kxe2 a5 38. c3 Ke6 39. Kd2 Kd6 40. Kc2 Kc7 41. Kb2 Kb6 42. Ka3 Ka6 43. b4 Kb6 44. Kb3 Ka6 45. b5+ Kb6 46. Kc2 Kc7 47. Kd3 Kb6 48. Ke3 Kc7 49. Kf3 Kb6 50. Kg2 Kc7 51. Kh3 Kb6 52. Kh4 Kc7 53. g4 Kb6 54. gxf5 1-0


[Site "https://www.chess.com"]

[Event "Titled Tuesday Blitz August 22 Early 2023"]
[White "Dardha, Daniel"]
[Black "WindWhistler11"]
[WhiteFideId "240990"]
[WhiteElo "2937"]
[BlackElo "2471"]
[Result "1-0"]
[Round "6"]
[TimeControl "180+1"]
[Date "2023.08.22"]
[WhiteClock "0:00:10"]
[BlackClock "0:00:00"]
[Board "58"]

1. d4 Nf6 2. Bg5 Ne4 3. h4 c5 4. dxc5 Qa5+ 5. Nd2 Nxg5 6. hxg5 Qxc5 7. Ngf3 Qc7 8. g6 fxg6 9. e3 d6 10. Bd3 Bf5 11. Bxf5 gxf5 12. Nh4 e6 13. Ng6 Rg8 14. Rxh7 Nc6 15. Nxf8 Rxf8 16. Qh5+ Qf7 17. Qg5 Rg8 18. Nc4 Rd8 19. O-O-O d5 20. Nd2 Ne5 21. Nf3 Nc4 22. Qh4 Qf8 23. Qd4 b6 24. b3 Nd6 25. Ne5 Nb5 26. Qa4 Qa3+ 27. Qxa3 Nxa3 28. Kb2 Nb5 29. g4 Nd6 30. Rg1 Rc8 31. gxf5 Nxf5 32. Rg4 Rc7 33. a4 a6 34. Rb4 1-0


[Site "https://www.chess.com"]

[Event "Titled Tuesday Blitz August 22 Early 2023"]
[White "Tari, Aryan"]
[Black "To, Nhat Minh"]
[WhiteFideId "1510045"]
[BlackFideId "729019"]
[WhiteElo "2936"]
[BlackElo "2553"]
[Result "1-0"]
[Round "6"]
[TimeControl "180+1"]
[Date "2023.08.22"]
[WhiteClock "0:00:09"]
[BlackClock "0:00:05"]
[Board "59"]

1. d4 Nf6 2. Bf4 d5 3. e3 c5 4. dxc5 e6 5. b4 a5 6. c3 axb4 7. cxb4 b6 8. a4 bxc5 9. b5 c4 10. Qd2 Ne4 11. Qb2 Qa5+ 12. Ke2 Be7 13. f3 Bf6 14. Be5 c3 15. Qc2 Bxe5 16. fxe4 dxe4 17. Nd2 f5 18. Nc4 Qc7 19. Kf2 Nd7 20. Rc1 Bf6 21. a5 Bb7 22. Nh3 Bd5 23. Qa4 O-O 24. Nf4 Nc5 25. Qb4 Rfb8 26. Nb6 Rxb6 27. axb6 Qxb6 28. Be2 e5 29. Nxd5 Qd6 30. Nxf6+ gxf6 31. Qxc3 Ra2 32. Qc4+ Qe6 33. Qxe6+ Nxe6 34. Rhd1 Rb2 35. Rb1 f4 36. Rxb2 fxe3+ 37. Kxe3 f5 38. b6 Nd4 39. Rxd4 1-0


[Site "https://www.chess.com"]

[Event "Titled Tuesday Blitz August 22 Early 2023"]
[White "Yelisieiev, Yevhenii"]
[Black "Hambleton, Aman"]
[WhiteFideId "14139642"]
[BlackFideId "2606577"]
[WhiteElo "2545"]
[BlackElo "2844"]
[Result "1-0"]
[Round "6"]
[TimeControl "180+1"]
[Date "2023.08.22"]
[WhiteClock "0:00:10"]
[BlackClock "0:00:00"]
[Board "60"]

1. d4 Nf6 2. Nf3 e6 3. c4 b6 4. Nc3 Bb4 5. Qc2 Bb7 6. a3 Bxc3+ 7. Qxc3 d6 8. e3 Nbd7 9. b4 Ne4 10. Qc2 O-O 11. Bb2 f5 12. d5 e5 13. Bd3 Ndf6 14. Ng1 Ng4 15. Nh3 Qh4 16. Bxe4 fxe4 17. O-O Bc8 18. Rae1 Rf3 19. Qxe4 Rxh3 20. gxh3 Qxh3 21. Qg2 Qh5 22. f3 Nf6 23. Rf2 Bh3 24. Qg3 Rf8 25. e4 Bd7 26. Kh1 Qf7 27. Bc1 g6 28. Be3 Nh5 29. Qg5 Qg7 30. Ref1 Bh3 31. Rg1 Nf4 32. Bxf4 Rxf4 33. Rg3 Bd7 34. Qd8+ Rf8 35. Qxc7 Qe7 36. Qxa7 h5 37. Qxb6 Kh7 38. c5 h4 39. Rg1 dxc5 40. Qxg6+ Kh8 41. Qh6+ Qh7 42. Qxf8+ 1-0


[Site "https://www.chess.com"]

[Event "Titled Tuesday Blitz August 22 Early 2023"]
[White "Kashefi, Amir Hosein"]
[Black "Molina, Roberto Junio Brito"]
[WhiteFideId "12557935"]
[BlackFideId "2109450"]
[WhiteElo "2539"]
[BlackElo "2840"]
[Result "1-0"]
[Round "6"]
[TimeControl "180+1"]
[Date "2023.08.22"]
[WhiteClock "0:00:04"]
[BlackClock "0:00:05"]
[Board "61"]

1. d4 d5 2. Nf3 Nf6 3. Bf4 e6 4. e3 Bd6 5. Bg3 Bxg3 6. hxg3 Qd6 7. Nbd2 Nbd7 8. c4 O-O 9. Qc2 c5 10. dxc5 Nxc5 11. b4 Ncd7 12. c5 Qe7 13. g4 g6 14. g5 Ne8 15. a3 a5 16. Rb1 axb4 17. axb4 f6 18. gxf6 Qxf6 19. Bb5 Nc7 20. Bd3 Ne5 21. Be2 Bd7 22. Nxe5 Qxe5 23. Nf3 Qf6 24. O-O e5 25. e4 dxe4 26. Qxe4 Bf5 27. Qxb7 Bxb1 28. Rxb1 Rfc8 29. Bc4+ Kh8 30. Qe4 Rab8 31. Qxe5 Kg7 32. Qxf6+ Kxf6 33. Nd2 Ne6 34. Ne4+ Ke5 35. Re1 Nf4 36. Nd6+ Kd4 37. Re4+ Kc3 38. Nxc8 g5 39. Nb6 Rd8 40. Bf1 Rd1 41. g3 1-0


[Site "https://www.chess.com"]

[Event "Titled Tuesday Blitz August 22 Early 2023"]
[White "Sreyas Payyappat"]
[Black "Pakleza, Zbigniew"]
[WhiteFideId "46674969"]
[BlackFideId "1119290"]
[WhiteElo "2531"]
[BlackElo "2833"]
[Result "0-1"]
[Round "6"]
[TimeControl "180+1"]
[Date "2023.08.22"]
[WhiteClock "0:01:28"]
[BlackClock "0:01:43"]
[Board "62"]

1. e4 d6 2. d4 Nf6 3. Nc3 c6 4. f4 Qb6 5. Nf3 Bg4 6. Be2 Bxf3 7. Bxf3 e5 8. fxe5 dxe5 9. dxe5 Nfd7 10. e6 fxe6 11. Bg4 Na6 12. Bxe6 O-O-O 13. Bg5 Qxb2 14. Na4 Qe5 15. Bf5 g6 16. O-O gxf5 17. Bxd8 Qxe4 18. Rxf5 Qxf5 0-1


[Site "https://www.chess.com"]

[Event "Titled Tuesday Blitz August 22 Early 2023"]
[White "Al-Tarboush, Ward"]
[Black "Wagner, Dennis"]
[WhiteFideId "7601450"]
[BlackFideId "24650684"]
[WhiteElo "2530"]
[BlackElo "2751"]
[Result "1-0"]
[Round "6"]
[TimeControl "180+1"]
[Date "2023.08.22"]
[WhiteClock "0:02:01"]
[BlackClock "0:00:10"]
[Board "63"]

1. e4 e5 2. Nf3 Nc6 3. Bb5 a6 4. Ba4 Nf6 5. O-O d6 6. d4 b5 7. dxe5 bxa4 8. exf6 Qxf6 9. Nc3 a3 10. Bg5 Qg6 11. Nd5 Ra7 12. bxa3 f6 13. Be3 Rb7 14. Rb1 Rxb1 15. Qxb1 Qxe4 16. Nxc7+ Kd7 17. Na8 Be7 18. Rd1 Ne5 19. Nb6+ Kc7 20. Nd5+ Kd7 21. Qb6 Bd8 22. Qa7+ Ke6 23. Nf4+ Kf5 24. Nh4+ Kg4 25. Qxg7+ Kxh4 26. g3# 1-0


[Site "https://www.chess.com"]

[Event "Titled Tuesday Blitz August 22 Early 2023"]
[White "Weetik, Vjacheslav"]
[Black "Martin Carmona, Gaston Manuel"]
[WhiteFideId "4153472"]
[BlackFideId "22284567"]
[WhiteElo "2738"]
[BlackElo "2530"]
[Result "1-0"]
[Round "6"]
[TimeControl "180+1"]
[Date "2023.08.22"]
[WhiteClock "0:00:17"]
[BlackClock "0:00:08"]
[Board "64"]

1. d4 Nf6 2. Bf4 d5 3. e3 e6 4. Nd2 Bd6 5. Ngf3 c5 6. c3 Qc7 7. Bxd6 Qxd6 8. Qa4+ Nbd7 9. Be2 O-O 10. O-O e5 11. dxe5 Nxe5 12. Qf4 Nxf3+ 13. Nxf3 Qxf4 14. exf4 Bf5 15. Rfe1 Rfe8 16. Bb5 Rxe1+ 17. Rxe1 a6 18. Ba4 b5 19. Bb3 Kf8 20. Ne5 Re8 21. f3 h5 22. Kf2 Rd8 23. Re2 c4 24. Bd1 Rd6 25. Rd2 Bb1 26. a3 Ne8 27. Bc2 Bxc2 28. Rxc2 f6 29. Ng6+ Kf7 30. f5 Rd7 31. Rd2 Nc7 32. h4 Ke8 33. Nf4 Kd8 34. Nxh5 Re7 35. Nf4 Re5 36. g4 Kd7 37. Ng6 Re8 38. f4 Kd6 39. g5 Kc5 40. h5 fxg5 41. fxg5 Re4 42. h6 gxh6 43. gxh6 Re8 44. h7 a5 45. f6 Rh8 46. Nxh8 1-0


[Site "https://www.chess.com"]

[Event "Titled Tuesday Blitz August 22 Early 2023"]
[White "ArtemDyachuk"]
[Black "Morefield, Jason"]
[BlackFideId "30920825"]
[WhiteElo "2528"]
[BlackElo "2703"]
[Result "1-0"]
[Round "6"]
[TimeControl "180+1"]
[Date "2023.08.22"]
[WhiteClock "0:00:07"]
[BlackClock "0:00:02"]
[Board "65"]

1. e4 c5 2. Nf3 a6 3. c4 e6 4. d4 cxd4 5. Nxd4 Nf6 6. Nc3 b6 7. Be2 Bb7 8. f3 Qc7 9. O-O Bd6 10. Kh1 Bxh2 11. f4 Bg3 12. e5 Ne4 13. Nxe4 Bxe4 14. Bf3 Qb7 15. Qe2 Bxf3 16. Nxf3 Nc6 17. Ng5 Ne7 18. Qf3 Qxf3 19. Rxf3 Nf5 20. Ne4 Bh4 21. g4 Nd4 22. Rd3 Nc6 23. Nd6+ Kf8 24. Be3 Bd8 25. Rad1 f6 26. Nb7 fxe5 27. Rxd7 Be7 28. Rc7 exf4 29. Bxf4 Nd8 30. Rdd7 Bf6 31. g5 Nxb7 32. gxf6 gxf6 33. Rxb7 h5 34. Rf7+ Ke8 35. Rbe7+ Kd8 36. Be3 Rb8 37. Rd7+ Ke8 38. Rfe7+ Kf8 39. Rxe6 Rg8 40. Bf4 Rg4 41. Bxb8 Rxc4 42. Bd6+ Kg8 43. Re8# 1-0


[Site "https://www.chess.com"]

[Event "Titled Tuesday Blitz August 22 Early 2023"]
[White "Zhao, Jun"]
[Black "Karamsetty, Jeevan"]
[WhiteFideId "8602522"]
[BlackFideId "2025337"]
[WhiteElo "2700"]
[BlackElo "2528"]
[Result "1/2-1/2"]
[Round "6"]
[TimeControl "180+1"]
[Date "2023.08.22"]
[WhiteClock "0:00:03"]
[BlackClock "0:00:05"]
[Board "66"]

1. e4 d6 2. d4 Nf6 3. Nc3 e5 4. dxe5 dxe5 5. Qxd8+ Kxd8 6. f4 Bb4 7. Bd2 Bxc3 8. Bxc3 Nxe4 9. Bxe5 f6 10. O-O-O+ Bd7 11. Bd4 Nc6 12. Bd3 Re8 13. Nf3 Nxd4 14. Nxd4 Nf2 15. Bxh7 Nxh1 16. Rxh1 c5 17. Nf5 Re2 18. Nh4 Kc7 19. Bd3 Rf2 20. g3 Re8 21. b3 Bc6 22. Rg1 Rxh2 23. Nf5 g5 24. fxg5 fxg5 25. Kb2 Be4 26. Ng7 Re7 27. Re1 Rxg7 28. Rxe4 Rd7 29. Kc3 b6 30. Re5 Rg7 31. g4 Rf2 32. a4 Rf4 33. Bf5 Kd6 34. Re8 Kc7 35. Ra8 Kb7 36. Re8 Rd4 37. Be4+ Kc7 38. Bf5 Rd8 39. Re6 Rh8 40. Kc4 Rd8 41. Kb5 Rd6 42. Re8 Rd8 43. Re6 Kb8 44. Ka6 Rc7 45. Rg6 c4 46. b4 c3 47. Rxg5 Rc4 48. Rg7 Rc7 49. Rg6 Rc4 50. Rg7 Rc7 51. Rxc7 Kxc7 52. Kxa7 Rd4 53. a5 Rxb4 54. a6 Ra4 55. g5 b5 56. g6 Ra1 57. Be6 Rg1 58. Bf7 Rg5 59. Ka8 b4 60. Ka7 Ra5 61. Be8 Rg5 62. Bf7 b3 63. Bxb3 Rxg6 64. Bc4 Rg5 65. Bb3 Ra5 66. Bc4 Ra1 67. Bb3 Kd6 68. Kb7 Kc5 69. a7 Rb1 70. a8=Q Rxb3+ 71. cxb3 Kb4 72. Qh8 Kxb3 73. Qh7 Kb2 74. Qg7 Kb3 75. Qf7+ Kb2 76. Qf6 Kc2 77. Qf2+ Kb1 78. Qf1+ Kb2 79. Qb5+ Kc1 80. Qg5+ Kb1 81. Qg1+ Kb2 82. Qd4 Kb3 83. Qd3 Kb2 84. Qd4 Kb3 85. Qd1+ Kb2 86. Qd4 1/2-1/2


[Site "https://www.chess.com"]

[Event "Titled Tuesday Blitz August 22 Early 2023"]
[White "Javakhadze, Zurab"]
[Black "NovozhilovSemen"]
[WhiteFideId "13603647"]
[WhiteElo "2696"]
[BlackElo "2526"]
[Result "1-0"]
[Round "6"]
[TimeControl "180+1"]
[Date "2023.08.22"]
[WhiteClock "0:02:21"]
[BlackClock "0:01:56"]
[Board "67"]

1. Nf3 Nf6 2. c4 c5 3. Nc3 e6 4. e3 b6 5. d4 cxd4 6. exd4 Bb7 7. Bd3 d5 8. O-O Bd6 9. cxd5 Nxd5 10. Ne4 Be7 11. Ne5 O-O 12. a3 Nd7 13. Qh5 Nxe5 14. dxe5 g6 15. Qh6 Nf4 16. Bxf4 Qxd3 17. Nf6+ 1-0


[Site "https://www.chess.com"]

[Event "Titled Tuesday Blitz August 22 Early 2023"]
[White "Dehtiarov, Roman"]
[Black "Boraso, Alessio"]
[WhiteFideId "14186640"]
[BlackFideId "848077"]
[WhiteElo "2690"]
[BlackElo "2526"]
[Result "1-0"]
[Round "6"]
[TimeControl "180+1"]
[Date "2023.08.22"]
[WhiteClock "0:00:18"]
[BlackClock "0:00:02"]
[Board "68"]

1. e4 Nf6 2. Nc3 d5 3. e5 Nfd7 4. d4 c5 5. e6 fxe6 6. Nf3 Nc6 7. Ne2 Nf6 8. c3 g6 9. Nf4 Bg7 10. Bb5 O-O 11. Bxc6 bxc6 12. Nd3 cxd4 13. cxd4 Ba6 14. Nc5 Ne4 15. Nxe6 Qa5+ 16. Bd2 Nxd2 17. Qxd2 Qxd2+ 18. Kxd2 Bh6+ 19. Kc3 Rfc8 20. Rhe1 Rab8 21. Nc5 Rb6 22. Rxe7 Rcb8 23. b3 Bf8 24. Rxa7 Bc8 25. Re1 Rb5 26. Re8 Bf5 27. Rxb8 Rxb8 28. Ne5 Re8 29. f4 g5 30. g3 gxf4 31. gxf4 Bh6 32. Ncd3 Bxd3 33. Nxd3 Re3 34. Kd2 Re4 35. Kc3 Bg7 36. Ra8+ Kf7 37. Ra7+ Kg6 38. Rxg7+ Kxg7 39. a4 Kf6 40. a5 Re8 41. a6 Ke6 42. Ne5 Kd6 43. Nd3 Ra8 44. Nc5 Rf8 45. Na4 Kc7 46. Nc5 Rxf4 47. Ne6+ Kb6 48. Nxf4 Kxa6 49. Ne6 Kb5 50. Nc5 Kb6 51. Kd3 Kb5 52. Ke3 Kb4 53. Kf4 Kc3 54. Ke5 h5 55. Ne6 h4 56. Nd8 c5 57. dxc5 d4 58. c6 d3 59. c7 d2 60. c8=Q+ Kb2 61. Qd7 Kc2 62. Qxd2+ Kxd2 63. Kf4 Kc3 64. Kg4 Kxb3 65. Kxh4 Kc4 66. Kg5 Kd5 67. h4 Kd6 68. Kg6 Ke7 69. Kg7 1-0


[Site "https://www.chess.com"]

[Event "Titled Tuesday Blitz August 22 Early 2023"]
[White "Kavutskiy, Konstantin"]
[Black "Balabayeva, Xeniya"]
[WhiteFideId "2026384"]
[BlackFideId "13719688"]
[WhiteElo "2685"]
[BlackElo "2525"]
[Result "1-0"]
[Round "6"]
[TimeControl "180+1"]
[Date "2023.08.22"]
[WhiteClock "0:00:50"]
[BlackClock "0:00:00"]
[Board "69"]

1. Nf3 d5 2. e3 Nf6 3. c4 g6 4. Nc3 Bg7 5. Qb3 dxc4 6. Bxc4 O-O 7. Ng5 e6 8. O-O Nc6 9. Bb5 Bd7 10. d4 Rb8 11. Bd2 a6 12. Be2 b5 13. Rac1 b4 14. Nce4 Nd5 15. Bxa6 Na5 16. Qd1 Bb5 17. Bxb5 Rxb5 18. Nf3 Qe7 19. Qe2 Rfb8 20. b3 c6 21. Nc5 e5 22. Na4 e4 23. Ne1 f5 24. Nc2 Qd6 25. f3 Re8 26. Nc5 exf3 27. Qxf3 Qe7 28. Rce1 Nb7 29. e4 fxe4 30. Nxe4 1-0


[Site "https://www.chess.com"]